 Dungeon Crawl Stone Soup version 0.31-a0-986-g5e6e4ef867 (webtiles) character file.

Game seed: 3457006277336947785

316704 grandjackal the Champion of Chaos (level 20, -2/180 (184) HPs)
             Began as a Demonspawn Gladiator on Nov 17, 2023.
             Was the Champion of Makhleb.
             Slain by a war gargoyle
             ... wielding a +0 great mace
              (17 damage)
             ... on level 2 of the Vaults.
             The game lasted 01:20:47 (36578 turns).

grandjackal the Champion of Chaos (DsGl)           Turns: 36578, Time: 01:20:48

HP:   -2/180 (184)  AC: 17    Str: 26    XL:     20   Next: 54%
MP:   35/35         EV: 24    Int: 10    God:    Makhleb [******]
Gold: 1731          SH:  0    Dex: 19    Spells: 13/19 levels left

rFire   + .          .
                       - Unarmed
rCold   + . .        (no shield)
rNeg    + . .        G - +0 swamp dragon scales
rPois   +            c - +0 helmet
rElec   .            C - +2 cloak {Will+}
rCorr   +            (gloves unavailable)
SInv    +            s - +0 pair of boots "Nestroj" {rN+ Str+4 Dex+3}
Will    ++...        J - amulet of regeneration
Stlth   ++           k - ring "Vocaed" {Fly rC+ SInv}
HPRegen 4.30/turn    h - ring of Jaentato {rF+ rCorr}
MPRegen 0.24/turn

%: no passive effects
@: marked, spiked, flying, mesmerised, studying 2 skills, lightly drained
A: claws 3, powered by death 3, spiny 1, black mark, sturdy frame 2, bedeviling
}: 2/15 runes: serpentine, barnacled
a: Renounce Religion, Minor Destruction, Lesser Servant of Makhleb, Major
Destruction, Greater Servant of Makhleb


You were on level 2 of the Vaults.
You worshipped Makhleb.
Makhleb was exalted by your worship.
You visited 8 branches of the dungeon, and saw 36 of its levels.
You also visited: Ossuary.

You collected 6130 gold pieces.
You spent 4399 gold pieces at shops.

Inventory:

Hand Weapons
 i - a +8 scimitar of flaming
Missiles
 d - 5 throwing nets (quivered)
 w - 4 silver javelins
 y - 5 javelins
Armour
 c - a +0 helmet (worn)
 s - the +0 pair of boots "Nestroj" (worn) {rN+ Str+4 Dex+3}
   (You found it on level 4 of the Dungeon)

   Str+4:     It affects your strength (+4).
   Dex+3:     It affects your dexterity (+3).
   rN+:       It protects you from negative energy.
 C - a +2 cloak of willpower (worn)
 G - +0 swamp dragon scales (worn)
 W - the +3 plate armour "Jiorogot" {Dex+4 SInv}
   (You acquired it on level 3 of the Lair of Beasts)

   Dex+4:     It affects your dexterity (+4).
   SInv:      It lets you see invisible.
 X - a +2 plate armour of cold resistance
 Z - the +2 cloak of Words of Power {rN+}
   (You found it on level 3 of the Elven Halls)

   rN+:       It protects you from negative energy.
Jewellery
 h - the ring of Jaentato (right claw) {rF+ rCorr}
   (You found it on level 1 of the Elven Halls)

   [ring of protection from fire]

   rF+:       It protects you from fire.
   rCorr:     It protects you from acid and corrosion.
 k - the ring "Vocaed" (left claw) {Fly rC+ SInv}
   (You found it on level 3 of the Elven Halls)

   [ring of see invisible]

   rC+:       It protects you from cold.
   SInv:      It lets you see invisible.
   Fly:       It grants you flight.
 l - a ring of protection from fire
 J - an amulet of regeneration (around neck)
 Q - a ring of positive energy
Wands
 b - a wand of digging (18)
 e - a wand of mindburst (14)
 K - a wand of charming (23)
 L - a wand of quicksilver (28)
 M - a wand of flame (68)
 U - a wand of iceblast (22)
Scrolls
 a - 6 scrolls of silence
 f - a scroll of blinking
 g - 8 scrolls of vulnerability
 m - 3 scrolls of enchant armour
 n - 8 scrolls of fog
 r - 13 scrolls of poison
 t - 3 scrolls of revelation
 v - 9 scrolls of teleportation
 O - a scroll of fear
 P - a scroll of butterflies
 S - 5 scrolls of immolation
 T - 4 scrolls of torment
Potions
 j - 5 potions of brilliance
 o - 6 potions of might
 p - 10 potions of lignification
 q - 2 potions of enlightenment
 u - 8 potions of haste
 x - 3 potions of heal wounds
 z - 4 potions of invisibility
 A - 5 potions of mutation
 B - 15 potions of curing
 D - 7 potions of attraction
 E - 3 potions of ambrosia
 F - 4 potions of magic
 H - 3 potions of cancellation
 I - 2 potions of resistance
 V - 2 potions of berserk rage
Miscellaneous
 N - a sack of spiders
 R - a lightning rod (4/4)


   Skills:
 + Level 22.5 Fighting
 - Level 3.2 Long Blades
 - Level 2.4 Throwing
 - Level 12.8 Armour
 + Level 16.8 Dodging
 + Level 17.6 Unarmed Combat
 + Level 12.5 Hexes
 + Level 22.6 Invocations


You had 13 spell levels left.
You knew the following spells:

 Your Spells              Type           Power      Damage    Failure   Level
a - Jinxbite              Hex            74%        N/A       1%          2
b - Anguish               Hex/Necr       9%         N/A       30%         4

Your spell library contained the following spells:

 Spells                   Type           Power      Damage    Failure   Level
 Confusing Touch          Hex            37%        N/A       1%          3
 Tukima's Dance           Hex            37%        N/A       1%          3
 Cause Fear               Hex            18%        N/A       2%          4
 Inner Flame              Hex/Fire       18%        N/A       9%          3
 Summon Guardian Golem    Hex/Summ       18%        N/A       9%          3
 Dimensional Bullseye     Hex/Tloc       9%         N/A       30%         4
 Apportation              Tloc           0%         N/A       36%         1
 Foxfire                  Conj/Fire      0%         2x1d4     36%         1
 Kiss of Death            Conj/Necr      0%         2d5       36%         1
 Sandblast                Erth           0%         2d4       36%         1
 Summon Small Mammal      Summ           0%         N/A       36%         1
 Blink                    Tloc           0%         N/A       52%         2
 Call Imp                 Summ           0%         N/A       52%         2
 Passwall                 Tmut/Erth      0%         N/A       52%         2
 Scorch                   Fire           0%         2d5       52%         2
 Summon Mana Viper        Hex/Summ       18%        N/A       63%         5
 Yara's Violent Unravell  Hex/Tmut       9%         3d6       63%         5
 Call Canine Familiar     Summ           0%         N/A       75%         3
 Ignite Poison            Fire/Tmut/Pois 0%         N/A       75%         3
 Stone Arrow              Conj/Erth      0%         3d7       75%         3
 Vampiric Draining        Necr           0%         2d6       75%         3
 Enfeeble                 Hex            18%        N/A       89%         7
 Airstrike                Air            0%         2d(0-16)  98%         4
 Animate Armour           Summ/Erth      0%         N/A       98%         4
 Animate Dead             Necr           0%         N/A       98%         4
 Brom's Barrelling Bould  Conj/Erth      0%         2d3       98%         4
 Dispel Undead            Necr           0%         3d6       98%         4
 Flame Wave               Conj/Fire      0%         2d4       98%         4
 Iskenderun's Mystic Bla  Conj/Tloc      0%         2d3       98%         4
 Manifold Assault         Tloc           0%         N/A       98%         4
 Olgreb's Toxic Radiance  Pois           0%         N/A       98%         4
 Sticky Flame             Conj/Fire      0%         2d3       98%         4
 Vhi's Electric Charge    Tloc/Air       0%         N/A       98%         4
 Alistair's Intoxication  Tmut/Pois      0%         N/A       100%        5
 Arcjolt                  Conj/Air       0%         1d10      100%        5
 Fireball                 Conj/Fire      0%         3d3       100%        5
 Freezing Cloud           Conj/Ice/Air   0%         6-21      100%        5
 Summon Forest            Summ/Tloc      0%         N/A       100%        5
 Conjure Ball Lightning   Conj/Air       0%         3x3d6     100%        6
 Plasma Beam              Fire/Air       0%         2x1d10    100%        6
 Starburst                Conj/Fire      0%         6d3       100%        6
 Summon Cactus Giant      Summ           0%         N/A       100%        6
 Orb of Destruction       Conj           0%         9d5       100%        7
 Ozocubu's Refrigeration  Ice            0%         4d7       100%        7
 Spellforged Servitor     Conj/Summ      0%         N/A       100%        7
 Summon Hydra             Summ           0%         N/A       100%        7
 Discord                  Hex            18%        N/A       100%        8
 Ignition                 Fire           0%         3d3       100%        8
 Maxwell's Capacitive Co  Air            0%         ∞         100%        8
 Dragon's Call            Summ           0%         N/A       100%        9


Dungeon Overview and Level Annotations

Branches:
Dungeon (15/15)            Temple (1/1) D:7            Lair (5/5) D:8
 Shoals (4/4) Lair:2        Snake (4/4) Lair:3        Slime (0/5) Lair:5
    Orc (2/2) D:10            Elf (3/3) Orc:2        Vaults (2/5) D:13
  Crypt (0/3) Vaults:2     Depths (0/4) D:15        Ossuary (visited)

Altars:
Ashenzari
Cheibriados
Dithmenos
Fedhas
Gozag
Hepliaklqana
Kikubaaqudgha
Makhleb
Nemelex Xobeh
Okawaru
Qazlal
Ru
Sif Muna
Trog
Uskayaw
Vehumet
Wu Jian
Xom
Yredelemnul
Jiyva

Shops:
D:3 ?   D:5 :   Orc:2 *([?=   Elf:2 =   Shoals:1 !   Vaults:1 !   Vaults:2 *

Annotations:
D:6 1 runed translucent door, pigah's ghost, novice OpSh
D:12 1 runed translucent door, grandjackal's ghost, journeyman DsGl
Shoals:3 1 runed translucent door, Detyups's ghost, adept VSFi
Snake:1 Roxanne
Elf:2 3 runed translucent doors
Vaults:2 exclusion: obsidian statue, Eugor's ghost, adept DECj


Innate Abilities, Weirdness & Mutations

You have claws for hands.
You regenerate a lot of health from kills.
You are partially covered in sharp spines.
Your melee attacks may debilitate your foes.
Your movements are less encumbered by armour. (ER -4)
Your hexes are more powerful.


Message History

The air twists around and strikes you!!
* * * LOW HITPOINT WARNING * * *
The obsidian statue's eyes glow briefly.
The obsidian statue attempts to bespell you!
You are mesmerised by the obsidian statue!
You mangle the tengu reaver!!
You kill the tengu reaver!
Makhleb accepts your kill.
You feel better. The ice devil completely misses you.
Unknown command.
Unknown command.
Unknown command.
Unknown command.
Unknown command.
You eviscerate the war gargoyle!!!
The war gargoyle is severely damaged.
The war gargoyle launches metal splinters at you.
The spray of metal splinters hits you!!
* * * LOW HITPOINT WARNING * * *
The vault warden hits you with a +3 bardiche!!
* * * LOW HITPOINT WARNING * * *
The vault sentinel blows a loud note on a signal horn!
The red devil hits you from afar with a +2 demon trident of venom.
* * * LOW HITPOINT WARNING * * *
Barbed spikes become lodged in your body.
Eugor's ghost hits you but does no damage.
Unknown command.
Unknown command.
You feel much better.
The war gargoyle launches metal splinters at you.
The spray of metal splinters misses you.
The ice devil is struck by your spines.
The ice devil hits you but does no damage.
The vault warden hits you with a +3 bardiche!
* * * LOW HITPOINT WARNING * * *
The vault sentinel hits you with a +0 war axe.
* * * LOW HITPOINT WARNING * * *
The red devil completely misses you. Eugor's ghost barely misses you.
The war gargoyle hits you with a +0 great mace!
You die...

####### ##!8∩8∩##
#.$.$$$.# #8$.8$$8#
#..4o35.# ##.pp9c##
###4@W### #.......#
#*......#
################+#######
#.......................
+.......................
#.......................
#...............%.......
#.......................


You could see an orc warlord, a vault warden, a yaktaur captain, an obsidian
statue (mesmerising), a sun demon (summoned), a war gargoyle (catching breath),
a vault sentinel (catching breath), an ice devil (summoned), a red devil
(summoned), a battlesphere, Eugor's ghost and a shadow imp (summoned).

Vanquished Creatures
  Bai Suzhen (Vaults:2)
  Nikola (Elf:1)
  Norris (Elf:3)
  Jorgrun (D:13)
  Rupert (D:13)
  A deep elf master archer (Elf:3)
  2 deep elf blademasters (Elf:3)
  4 sphinxes
  A kraken (Shoals:4)
  A tengu reaver (Vaults:2)
  Frances (D:13)
  Gastronok (Lair:2)
  Donald (Elf:1)
  Agnes (Snake:1)
  Aizul (Vaults:2)
  11 nagarajas
  5 deep elf elementalists
  5 vault wardens
  8 deep elf sorcerers
  4 ironbound preservers
  A stone giant (D:15)
  A formless jellyfish (Vaults:1)
  5 deep elf demonologists
  An ironbound thunderhulk (Vaults:1)
  Azrael (D:13)
  A dire elephant (Vaults:1)
  A bunyip (Orc:2)
  5 deep elf annihilators
  8 deep elf death magi
  Snorg (Lair:3)
  5 merfolk javelineers
  4 fire dragons
  9 merfolk impalers
  Josephine (D:13)
  5 yaktaur captains
  A deep elf high priest (Elf:3)
  9 hydras
  An entropy weaver (shapeshifter) (D:14)
  Harold (D:10)
  A great orb of eyes (Vaults:2)
  2 ogre magi (D:15)
  A salamander tyrant (Snake:4)
  4 alligator snapping turtles
  2 ironbound frosthearts (Vaults:1)
  6 boulder beetles
  2 centaur warriors
  3 merfolk avatars
  18 anacondas
  4 vault guards
  2 death knights
  20 two-headed ogres
  2 tengu warriors (D:15)
  11 dancing weapons
  2 death yaks
  Urug (Lair:1)
  2 merfolk aquamancers (Shoals:4)
  14 naga sharpshooters
  8 orc high priests (Orc:2)
  17 naga warriors
  8 deep elf knights
  7 skysharks
  A hell knight (D:15)
  12 shock serpents
  4 salamander mystics
  6 skeletal warriors
  2 fire crabs (Lair:4)
  14 deep elf archers
  21 sea snakes
  An arcanist (Vaults:2)
  A swamp dragon (Lair:5)
  Pikel (D:9)
  10 naga ritualists
  An orc knight (D:15)
  13 mana vipers
  5 lindwurms (Vaults:1)
  21 deep elf zephyrmancers
  7 harpies
  30 deep elf pyromancers
  5 ironbound convokers (Vaults:1)
  An ugly thing (D:13)
  2 orc sorcerers
  17 salamanders
  20 cyclopes
  Maurice (Orc:1)
  24 manticores
  12 elephants
  Joseph (D:9)
  9 water nymphs
  4 vault sentinels
  52 black mambas
  7 guardian serpents
  26 naga magi
  4 merfolk sirens
  A torpor snail (Lair:3)
  Maggie (D:7)
  A gargoyle (D:10)
  Jeremiah (Lair:1)
  12 cane toads
  3 kobold demonologists
  5 unseen horrors
  2 tengu conjurers
  7 rime drakes
  2 efreet (D:14)
  11 yaktaurs
  2 freezing wraiths (D:15)
  15 komodo dragons
  A burning bush (Lair:5)
  A hornet (shapeshifter) (D:13)
  2 trolls
  31 merfolk
  7 polar bears
  11 dream sheep
  A hornet (D:9)
  9 wind drakes
  22 blink frogs
  4 air elementals
  9 slime creatures
  8 snapping turtles
  A shadow (D:11)
  8 water elementals
  8 wraiths
  57 yaks
  A vampire (D:11)
  7 fire elementals
  Grum (D:10)
  10 vampire mosquitoes
  A golden eye (shapeshifter) (D:13)
  6 basilisks
  3 wyverns
  5 steam dragons
  53 nagas
  11 wargs
  4 acid dragons
  Duvessa (D:7)
  14 orc warriors
  13 water moccasins
  A sky beast (D:8)
  2 swamp drakes (Lair:5)
  8 hell hounds
  3 ice beasts
  5 black bears
  3 ogres
  12 wolves
  4 centaurs
  3 phantoms
  A lemure (D:9)
  28 bullfrogs
  9 kobold brigands
  7 scorpions
  An earth elemental (Elf:1)
  A gnoll sergeant (D:11)
  9 wights
  Dowan (D:7)
  A killer bee (D:8)
  4 howler monkeys (D:9)
  14 electric eels
  A centaur zombie (Ossuary)
  3 jellies
  3 hounds
  A human zombie (Ossuary)
  32 orc priests
  4 iguanas
  3 scorpion zombies (Ossuary)
  11 orc wizards
  4 mummies
  2 adders
  8 gnolls
  2 shadow imps
  A white imp (D:8)
  An ufetubus (D:7)
  3 worms
  3 dart slugs
  69 orcs
  8 ball pythons
  2 endoplasms (D:1)
  7 giant cockroaches
  2 gnoll zombies (Ossuary)
  9 goblins
  6 hobgoblins
  3 jackals (D:3)
  34 kobolds
  3 quokkas
  A bat (D:1)
  5 frilled lizards
  6 goblin zombies
  3 hobgoblin zombies (Ossuary)
  2 orc zombies (Ossuary)
  A rat (D:1)
1318 creatures vanquished.

Vanquished Creatures (collateral kills)
  A deep elf master archer (Elf:3)
  A salamander tyrant (Snake:3)
  A deep elf zephyrmancer (Elf:3)
  A bullfrog (D:8)
4 creatures vanquished.

Vanquished Creatures (others)
  A two-headed ogre (D:15)
  2 deep elf knights (Elf:1)
  A deep elf archer (Elf:1)
  3 deep elf pyromancers
  A deep elf zephyrmancer (Elf:1)
  A mana viper (Snake:3)
  A naga mage (Snake:4)
  A komodo dragon (Lair:5)
  A wind drake (Shoals:4)
  An orc wizard (D:8)
  6 tentacles (Shoals:4)
19 creatures vanquished.

Grand Total: 1341 creatures vanquished

Notes
Turn   | Place    | Note
-------+----------+-------------------------------------------
     0 | D:1      | grandjackal the Demonspawn Gladiator began the quest for
                  | the Orb.
     0 | D:1      | Reached XP level 1. HP: 16/16 MP: 1/1
    72 | D:1      | Gained mutation: You regenerate a little health from kills.
                  | [demonic ancestry]
    72 | D:1      | Reached XP level 2. HP: 20/22 MP: 2/2
   859 | D:2      | Gained mutation: You are partially covered in sharp spines.
                  | [demonic ancestry]
   859 | D:2      | Reached XP level 3. HP: 28/28 MP: 3/3
  1865 | D:3      | Gained mutation: You have sharp fingernails. [demonic
                  | ancestry]
  1865 | D:3      | Reached XP level 4. HP: 34/34 MP: 4/4
  1931 | D:3      | Found Fefaweorgh's Magic Scroll Shoppe.
  1951 | D:3      | Bought a scroll of fog for 44 gold pieces
  1951 | D:3      | Bought a scroll of enchant armour for 82 gold pieces
  2588 | D:3      | Bought a scroll of poison for 44 gold pieces
  2650 | D:4      | Identified the +0 pair of boots "Nestroj" {rN+ Str+4 Dex+3}
  2939 | D:5      | Identified the "Otiw"
  2939 | D:5      | Entered Level 5 of the Dungeon
  2998 | D:5      | Reached skill level 1 in Armour
  2998 | D:5      | Reached skill level 1 in Unarmed Combat
  2998 | D:5      | Reached XP level 5. HP: 17/41 MP: 5/5
  3189 | D:5      | Noticed a phantom
  3203 | D:5      | Found Des Laep's Self-Improvement Boutique.
  3204 | D:5      | Killed a phantom
  3205 | D:5      | Reached XP level 6. HP: 40/48 MP: 6/6
  3315 | D:5      | Found a sand-covered staircase.
  3330 | Ossuary  | Entered an ossuary
  3427 | Ossuary  | Reached XP level 7. HP: 43/55 MP: 7/7
  3593 | Ossuary  | Reached skill level 5 in Fighting
  3750 | Ossuary  | Gained mutation: You have very sharp fingernails. [demonic
                  | ancestry]
  3750 | Ossuary  | Reached XP level 8. HP: 63/63 MP: 8/8
  4035 | D:5      | Identified the +0 leather armour of Dithmenos's Reproof
                  | {Dex+4}
  4823 | D:6      | Identified the "Nodiofa"
  4963 | D:6      | Found a sparkling altar of Nemelex Xobeh.
  4963 | D:6      | Found a blossoming altar of Fedhas.
  4977 | D:6      | Found a hide-covered altar of Uskayaw.
  4984 | D:6      | Found a radiant altar of Vehumet.
  4986 | D:6      | Found a hazy altar of Hepliaklqana.
  4999 | D:6      | Reached skill level 5 in Armour
  4999 | D:6      | Reached skill level 5 in Unarmed Combat
  5001 | D:6      | Found a sacrificial altar of Ru.
  5206 | D:6      | Found a runed translucent door.
  5258 | D:6      | Noticed pigah's ghost (novice OpSh)
  5631 | D:7      | Identified the "Luyn"
  5638 | D:7      | Gained mutation: You have claws for hands. [demonic
                  | ancestry]
  5638 | D:7      | Reached XP level 9. HP: 72/72 MP: 9/9
  5694 | D:7      | Noticed Maggie
  5706 | D:7      | Killed Maggie
  6175 | D:7      | Found a staircase to the Ecumenical Temple.
  6183 | Temple   | Entered the Ecumenical Temple
  6189 | Temple   | Became a worshipper of Makhleb the Destroyer
  6198 | D:7      | Noticed Dowan
  6199 | D:7      | Noticed Duvessa
  6217 | D:7      | Killed Duvessa
  6224 | D:7      | Reached skill level 1 in Invocations
  6224 | D:7      | Killed Dowan
  6680 | D:8      | Noticed a two-headed ogre
  6690 | D:8      | Killed a two-headed ogre
  6691 | D:8      | Gained mutation: You regenerate health from kills. [demonic
                  | ancestry]
  6691 | D:8      | Reached XP level 10. HP: 72/82 MP: 10/12
  6745 | D:8      | Found a staircase to the Lair.
  6867 | D:8      | Reached skill level 5 in Invocations
  6877 | D:8      | Noticed a two-headed ogre
  6882 | D:8      | Killed a two-headed ogre
  6939 | D:8      | Reached * piety under Makhleb
  7006 | D:8      | Noticed a boulder beetle
  7008 | D:8      | Noticed a deep elf pyromancer
  7044 | D:8      | Killed a deep elf pyromancer
  7064 | D:8      | Killed a boulder beetle
  7364 | D:8      | Gained mutation: Your movements are slightly less
                  | encumbered by armour. (ER -2) [demonic ancestry]
  7364 | D:8      | Reached XP level 11. HP: 88/88 MP: 16/16
  7587 | D:9      | Noticed a two-headed ogre
  7594 | D:9      | Killed a two-headed ogre
  7673 | D:9      | Noticed Pikel
  7684 | D:9      | Killed Pikel
  7855 | D:9      | Noticed Joseph
  7867 | D:9      | Killed Joseph
  8176 | D:9      | Reached skill level 10 in Fighting
  8365 | D:9      | Noticed a two-headed ogre
  8394 | D:9      | Killed a two-headed ogre
  8495 | D:10     | Entered Level 10 of the Dungeon
  8497 | D:10     | Noticed Harold
  8517 | D:10     | Reached ** piety under Makhleb
  8537 | D:10     | Killed Harold
  9009 | D:10     | Found a staircase to the Orcish Mines.
  9043 | D:10     | Noticed Grum
  9057 | D:10     | Killed Grum
  9295 | D:11     | Reached XP level 12. HP: 92/99 MP: 19/19
  9853 | D:12     | Noticed a two-headed ogre
  9867 | D:12     | Killed a two-headed ogre
  9868 | D:12     | Reached skill level 10 in Invocations
  9923 | D:12     | Reached *** piety under Makhleb
  9943 | D:12     | Noticed a boulder beetle
  9962 | D:12     | Killed a boulder beetle
 10028 | D:12     | Found a runed translucent door.
 10032 | D:12     | Noticed grandjackal's ghost (journeyman DsGl)
 10745 | D:13     | Reached skill level 10 in Armour
 10745 | D:13     | Reached skill level 10 in Unarmed Combat
 10791 | D:13     | Noticed Josephine
 10804 | D:13     | Killed Josephine
 10810 | D:13     | Noticed Rupert
 10824 | D:13     | Noticed Frances
 10969 | Orc:1    | Entered Level 1 of the Orcish Mines
 11067 | Orc:2    | Entered Level 2 of the Orcish Mines
 11067 | Orc:2    | Noticed Maurice
 11077 | Orc:1    | Maurice stole 4 throwing nets
 11079 | Orc:1    | Maurice stole 243 gold
 11087 | Orc:1    | Killed Maurice
 11197 | Orc:2    | Reached **** piety under Makhleb
 11221 | Orc:2    | Found Qatz's Armour Shop.
 11288 | Orc:2    | Noticed an orc high priest
 11297 | Orc:2    | Killed an orc high priest
 11329 | Orc:2    | Noticed an orc high priest
 11337 | Orc:2    | Killed an orc high priest
 11541 | Orc:2    | Found a staircase to the Elven Halls.
 11615 | Orc:1    | Reached ***** piety under Makhleb
 11822 | Orc:2    | Noticed an orc high priest
 11832 | Orc:2    | Killed an orc high priest
 11868 | Orc:2    | Noticed an orc high priest
 11872 | Orc:2    | Noticed an orc high priest
 11881 | Orc:2    | Killed an orc high priest
 11882 | Orc:2    | Gained mutation: Your hexes are more powerful. [demonic
                  | ancestry]
 11882 | Orc:2    | Reached XP level 13. HP: 108/108 MP: 21/21
 11882 | Orc:2    | an orc high priest changed into a bunyip
 11882 | Orc:2    | Noticed a bunyip
 11890 | Orc:2    | Killed a bunyip
 11895 | Orc:2    | Found Ogoat's General Store.
 11895 | Orc:2    | Found Lyfiute's Antique Weapon Shop.
 11910 | Orc:2    | Bought a potion of lignification for 45 gold pieces
 11910 | Orc:2    | Bought a scroll of identify for 30 gold pieces
 11910 | Orc:2    | Bought a scroll of identify for 30 gold pieces
 11960 | Orc:2    | Found Arghuokhlu's Magic Scroll Emporium.
 11986 | Orc:2    | Bought a scroll of acquirement for 520 gold pieces
 11986 | Orc:2    | Bought a scroll of immolation for 40 gold pieces
 12006 | Orc:2    | Found Mueply's Jewellery Shop.
 12169 | Orc:2    | Acquired 503 gold pieces
 12171 | Orc:2    | Acquired a manual of Fighting
 12289 | D:5      | Bought a manual of Fighting for 880 gold pieces
 12359 | Lair:1   | Entered Level 1 of the Lair of Beasts
 12440 | Lair:1   | Noticed Urug
 12456 | Lair:1   | Killed Urug
 12628 | Lair:1   | Noticed Jeremiah
 12643 | Lair:1   | Killed Jeremiah
 13147 | Lair:2   | Learned a level 2 spell: Jinxbite
 13186 | Lair:2   | Learned a level 4 spell: Anguish
 13561 | Lair:2   | Noticed Gastronok
 13578 | Lair:2   | Killed Gastronok
 13635 | Lair:2   | Reached ****** piety under Makhleb
 13943 | Lair:2   | Found a staircase to the Shoals.
 14506 | Lair:3   | Reached XP level 14. HP: 110/119 MP: 24/24
 14619 | Lair:3   | Noticed Snorg
 14634 | Lair:3   | Killed Snorg
 14910 | Lair:3   | Found a staircase to the Snake Pit.
 15491 | Lair:3   | Acquired the +3 plate armour "Jiorogot" {Dex+4 SInv}
 15494 | Lair:3   | Acquired a manual of Dodging
 15496 | Lair:3   | Acquired 878 gold pieces
 15774 | Lair:4   | Identified the +6 rapier of Beihom {drain, Contam rF+
                  | Stlth+}
 16638 | Lair:4   | Reached skill level 15 in Fighting
 16903 | Lair:5   | Entered Level 5 of the Lair of Beasts
 17012 | Lair:5   | Reached skill level 15 in Invocations
 17479 | Lair:5   | Gained mutation: You regenerate a lot of health from kills.
                  | [demonic ancestry]
 17479 | Lair:5   | Reached XP level 15. HP: 130/130 MP: 26/26
 17724 | Lair:5   | Found a staircase to the Slime Pits.
 17724 | Lair:5   | Found a viscous altar of Jiyva.
 18336 | D:13     | Killed Frances
 18502 | D:13     | Found a gate to the Vaults.
 18553 | D:13     | Noticed Jorgrun
 18578 | D:13     | Killed Jorgrun
 18694 | D:13     | Noticed Azrael
 18716 | D:13     | Killed Azrael
 18717 | D:13     | Reached skill level 5 in Dodging
 18874 | D:13     | Paralysed by Rupert for 5 turns
 18883 | D:13     | Paralysed by Rupert for 5 turns
 18900 | D:13     | Killed Rupert
 19479 | D:15     | Entered Level 15 of the Dungeon
 20193 | D:15     | Found an iron altar of Okawaru.
 20397 | D:15     | Found a staircase to the Depths.
 20561 | D:15     | Reached XP level 16. HP: 38/143 MP: 28/28
 21285 | Snake:1  | Entered Level 1 of the Snake Pit
 21971 | Snake:1  | Noticed Agnes
 21977 | Snake:1  | Killed Agnes
 22262 | Snake:1  | Noticed Roxanne
 23092 | Snake:2  | Reached skill level 10 in Dodging
 24693 | Snake:3  | Reached XP level 17. HP: 131/153 MP: 30/30
 24855 | Snake:3  | Found a transporter.
 24857 | Snake:3  | Found a transporter.
 25109 | Snake:4  | Entered Level 4 of the Snake Pit
 25154 | Snake:4  | Reached skill level 15 in Unarmed Combat
 26183 | Snake:4  | Found an opulent altar of Gozag.
 26486 | Snake:4  | Gained mutation: Your movements are less encumbered by
                  | armour. (ER -4) [demonic ancestry]
 26486 | Snake:4  | Reached XP level 18. HP: 166/166 MP: 30/32
 26547 | Snake:4  | Got a serpentine rune of Zot
 26806 | D:5      | Bought a manual of Dodging for 880 gold pieces
 26806 | D:5      | Bought a manual of Hexes for 880 gold pieces
 26957 | Shoals:4 | Identified the of Zinor
 26957 | Shoals:4 | Identified the of Buap
 26957 | Vaults:5 | Identified the "Xamitzos"
 26957 | Vaults:5 | Identified the "Gyotiddi"
 26957 | Vaults:5 | Identified the of Piudalic
 26957 | Crypt:3  | Identified the "Otuaz"
 26957 | Elf:1    | Identified the "Luxouj"
 26957 | Elf:1    | Entered Level 1 of the Elven Halls
 27021 | Elf:1    | Reached skill level 1 in Hexes
 27034 | Elf:1    | Noticed Nikola
 27052 | Elf:1    | HP: 7/166 [Nikola/arc of chain lightning (58)]
 27059 | Elf:1    | Killed Nikola
 27196 | Elf:1    | Identified the +5 demon blade of Negh {vamp, Dex+7}
 27201 | Elf:1    | Paralysed by an air elemental for 1 turns
 27207 | Elf:1    | Paralysed by an air elemental for 1 turns
 27213 | Elf:1    | Noticed a Tzitzimitl
 27352 | Elf:1    | Paralysed by an air elemental for 1 turns
 27425 | Elf:1    | Noticed a Hell Sentinel
 27482 | Elf:1    | Identified the ring of Jaentato {rF+ rCorr}
 27653 | Elf:1    | Noticed Donald
 27705 | Elf:1    | Killed Donald
 27967 | Elf:2    | Reached skill level 5 in Hexes
 28285 | Elf:2    | Found a runed translucent gate.
 28285 | Elf:2    | Found a runed translucent gate.
 28285 | Elf:2    | Found a runed translucent gate.
 28450 | Elf:2    | Found Olotaac's Jewellery Boutique.
 28462 | Elf:2    | Bought a ring of see invisible for 180 gold pieces
 28626 | Elf:3    | Identified the of Nynutt
 28626 | Elf:3    | Entered Level 3 of the Elven Halls
 29093 | Elf:3    | Paralysed by an air elemental for 1 turns
 29167 | Elf:3    | Noticed Norris
 29186 | Elf:3    | Killed Norris
 29756 | Elf:3    | Reached XP level 19. HP: 173/173 MP: 33/33
 29957 | Elf:3    | Identified the +4 ring mail of Zeesh {Int+5}
 29957 | Elf:3    | Identified the amulet of Cinuhime {RegenMP Str+3}
 30009 | Elf:3    | Identified the +1 leather armour "Qaomunt" {Rampage +Inv}
 30571 | Elf:3    | Reached skill level 15 in Dodging
 30617 | Elf:3    | Identified the staff of Dominance {rN+ Int+3 Earth}
 30647 | Elf:3    | Identified the +2 cloak of Words of Power {rN+}
 30730 | Elf:3    | Identified the ring "Vocaed" {Fly rC+ SInv}
 30742 | Elf:3    | Identified the staff of Ascent {*Corrode rF+ rC+ Str+3
                  | Dex+4 Fire}
 31032 | Shoals:1 | Entered Level 1 of the Shoals
 31043 | Shoals:1 | Identified the +7 flail "Wetoedu" {drain, +Blink}
 31577 | Shoals:1 | Found Emui's Distillery.
 31587 | Shoals:1 | Bought a potion of haste for 120 gold pieces
 31587 | Shoals:1 | Bought a potion of curing for 36 gold pieces
 31587 | Shoals:1 | Bought a potion of haste for 120 gold pieces
 32427 | Shoals:2 | Reached skill level 10 in Hexes
 32536 | Shoals:3 | Identified the +1 ring mail "Xarhon" {+Blink rElec rPois
                  | Regen+}
 32672 | Shoals:3 | Found a runed translucent door.
 32680 | Shoals:3 | Noticed Detyups's ghost (adept VSFi)
 33407 | Shoals:4 | Entered Level 4 of the Shoals
 33871 | Shoals:4 | Gained mutation: Your melee attacks may debilitate your
                  | foes. [demonic ancestry]
 33871 | Shoals:4 | Reached XP level 20. HP: 133/182 MP: 35/35
 34096 | Shoals:4 | Identified the +2 leather armour of Experimentation {+Blink
                  | Fly MP+9 Int+3}
 34248 | Shoals:4 | Got a barnacled rune of Zot
 34880 | Vaults:1 | Entered Level 1 of the Vaults
 35122 | Vaults:1 | Found Jesanuyth's Distillery.
 35136 | Vaults:1 | Bought a potion of resistance for 130 gold pieces
 35136 | Vaults:1 | Bought a potion of berserk rage for 65 gold pieces
 35136 | Vaults:1 | Bought a potion of ambrosia for 104 gold pieces
 35136 | Vaults:1 | Bought a potion of lignification for 39 gold pieces
 35136 | Vaults:1 | Bought a potion of haste for 130 gold pieces
 35950 | Vaults:1 | Paralysed by a formless jellyfish for 1 turns
 36182 | Vaults:2 | Identified the +4 morningstar of Noon {pain, rF+}
 36348 | Vaults:2 | Noticed Bai Suzhen
 36360 | Vaults:2 | Killed Bai Suzhen
 36480 | Vaults:2 | Identified the serpent talisman "Veanyfrei" {rCorr Str+4
                  | Int-2 SInv}
 36480 | Vaults:2 | Noticed Aizul
 36491 | Vaults:2 | Killed Aizul
 36534 | Vaults:2 | Found a staircase to the Crypt.
 36534 | Vaults:2 | Found an ancient bone altar of Kikubaaqudgha.
 36535 | Vaults:2 | Found a basalt altar of Yredelemnul.
 36559 | Vaults:2 | Found a runed translucent gate.
 36559 | Vaults:2 | Found a runed translucent gate.
 36559 | Vaults:2 | Found an opulent altar of Gozag.
 36560 | Vaults:2 | Found a runed translucent gate.
 36560 | Vaults:2 | Noticed Eugor's ghost (adept DECj)
 36561 | Vaults:2 | Found Ulehur's Assorted Antiques.
 36577 | Vaults:2 | HP: 9/180 [red devil/+2 demon trident of venom[an obsidian
                  | statue] (2)]
 36578 | Vaults:2 | Slain by a war gargoyle

Illustrated notes

Levels and vault maps discovered:
D:1:      dpeg_arrival_simpleton_c, layout_loops_ring
D:2:      layout_basic, kennysheep_generic_room_4
D:3:      layout_basic, serial_shops, nicolae_lakefront_shop,
          dreamdust_princess_corridor
D:4:      nicolae_cairo_tiling_large, layout_loops_corners,
          minmay_strange_pillars
D:5:      layout_rooms, nicolae_ossuary_entry_giza, kennysheep_pointless_box,
          nicolae_shop_self_help
D:6:      layout_loops_ring, nicolae_overflow_hallway_of_the_gods,
          ebering_ghost_reflecting_pool
D:7:      kennysheep_spiral_hall, layout_basic, temple_green, uniq_duvessa,
          uniq_maggie
D:8:      wad_statue_garden, layout_loops_cross, minmay_lair_entry_grove,
          fungi_pond_lemuel
D:9:      layout_cave_pods, uniq_pikel, uniq_joseph
D:10:     layout_cave_pools, orc_0_dummy, nicolae_straight_to_the_point,
          uniq_harold, uniq_grum
D:11:     layout_basic, minmay_door_square
D:12:     layout_basic, serial_co_window_serial, co_window_paths_b,
          co_window_paths_b, co_window_paths_a, co_window_paths_a,
          co_window_of_opportunity_a, co_window_corner_b, co_window_corner_cb,
          co_window_corner_b, co_window_unsneaky_path_e, co_window_4corner_b,
          glass_columns_b, glass_columns_c, glass_columns_b, glass_columns_b,
          glass_columns_a, ebering_ghost_reflecting_pool
D:13:     layout_loops_ring, david_vaults_5, kennysheep_generic_room_15,
          uniq_rupert, uniq_jorgrun, uniq_josephine, uniq_frances, uniq_azrael
D:14:     layout_irregular_city, ebering_dispersal_statue_hall,
          nicolae_concentric_dashed_squares_mild, minmay_misc_feat_five
D:15:     hangedman_depths_entry_civil_slaughter, layout_irregular_city,
          okawaru_gym_becter
Temple:   compressed_dpeg_triangle_lava_temple
Lair:1:   layout_loops_ring, uniq_urug, uniq_jeremiah
Lair:2:   layout_long_grid, mainiacjoe_shoals_entry_four_pools,
          infiniplex_staircase_pool_2, uniq_gastronok
Lair:3:   layout_long_grid, alex1729_snake_entry_snake,
          chequers_serial_rivers_micro_c, pdpol_lair_cavern_descent,
          serial_bayou_shore_a, uniq_snorg
Lair:4:   nzn_winding_woodlands_stair_cross [nzn_winding_woodlands_5x15_jagged,
          nzn_winding_woodlands_center_triple_pond,
          nzn_winding_woodlands_5x15_eye, nzn_winding_woodlands_5x5_open_star,
          nzn_winding_woodlands_5x5_closed_star,
          nzn_winding_woodlands_5x15_garden,
          nzn_winding_woodlands_center_diamonds,
          nzn_winding_woodlands_5x15_sawtooth], layout_hall_layers,
          serial_bayou_shore_b
Lair:5:   guppyfry_lair_end_dragon, layout_cave_pods, slime_entry_1,
          evilmike_ambush [evilmike_ambush_outer_basic,
          evilmike_ambush_inner_pond], lemuel_fruit_fields
Shoals:1: layout_shoals, serial_shops, nicolae_shop_stone
Shoals:2: layout_shoals, st_shoals_ruin
Shoals:3: layout_shoals, ebering_ghost_inner_flame,
          nicolae_shoals_stone_sculpture_thing
Shoals:4: shoals_end_simple, layout_shoals
Snake:1:  layout_chambers, serial_bayou_lake_a, uniq_agnes, uniq_roxanne
Snake:2:  layout_cave_town, hangedman_snake_pattern
Snake:3:  gammafunk_the_bubble [the_bubble_gammafunk_plus_minus],
          layout_onion_interference, guppyfry_library_mini, grunt_megastairs_3
Snake:4:  grunt_snake_rune_pools, layout_basic, basic_altar
Orc:1:    layout_diamond_mine
Orc:2:    st_orc_town, layout_caves, serial_shops, nicolae_shop_waterfront,
          basic_altar, uniq_maurice
Elf:1:    elf_arrival_001, layout_gridlike, minmay_elf_demonology,
          due_unseen_surprise, uniq_nikola, uniq_donald
Elf:2:    nicolae_elf_blades_splatter_lattice [nicolae_blade_little_rooms],
          layout_geoelf_grid, serial_shops, shop, special_room
          [special_room_mythical_zoo], minivault_19
Elf:3:    minmay_elf_hall_x, layout_gridlike, uniq_norris
Vaults:1: vaults_dpeg_spiral, hangedman_vaults_trim,
          nicolae_vaults_tetromino_L_1, nicolae_vaults_triangles,
          nicolae_vaults_tangram_1, nicolae_vaults_storage_closets_3,
          nicolae_vaults_double_plus_1, layout_vaults_omnigrid, serial_shops,
          nicolae_shop_window_shopping
Vaults:2: ebering_ghost_gozag, nicolae_vaults_closet_pinwheel_4,
          minmay_crypt_entry_necro_gods, nicolae_vaults_wrenched,
          ontoclasm_vaults_idyll, nicolae_vaults_tetromino_T_1,
          nicolae_vaults_closet_pinwheel_2, nicolae_vaults_holding_cells,
          v_pattern_4, grunt_vaults_hallway_short, nicolae_vaults_trapezoid_1,
          grunt_vaults_funnel, nicolae_vaults_surprise_closet,
          layout_vaults_ring, uniq_bai_suzhen, uniq_margery, uniq_aizul,
          uniq_zenata

Skill      XL: |  1  2  3  4  5  6  7  8  9 10 11 12 13 14 15 16 17 18 19 20 |
---------------+-------------------------------------------------------------+-----
Throwing       | 2 |  2.4
Long Blades    | 3 |  3.2
Dodging        | 3 8 11 12 14 16 | 16.8
Fighting       | 3 4 5 7 8 9 10 12 13 15 17 19 21 22 | 22.5
Armour         | 1 2 3 4 5 7 8 9 10 11 12 | 12.8
Unarmed Combat | 1 2 3 4 5 7 8 9 10 11 12 13 14 15 16 17 | 17.6
Invocations    | 3 6 9 11 13 15 17 18 20 21 22 | 22.6
Hexes          | 7 11 12 | 12.5

Action                     |  1- 3 |  4- 6 |  7- 9 | 10-12 | 13-15 | 16-18 | 19-21 || total
---------------------------+-------+-------+-------+-------+-------+-------+-------++-------
  Melee: Long sword        |   117 |    94 |    70 |       |       |       |       ||   281
         Punch             |       |     1 |     6 |    43 |    98 |   163 |   131 ||   442
         Unarmed           |       |       |   178 |   608 |  1104 |  1327 |   858 ||  4075
         Dagger            |       |       |       |       |    25 |       |       ||    25
         Scimitar          |       |       |       |       |    11 |     6 |       ||    17
  Throw: Dart              |       |       |     3 |       |       |       |       ||     3
         Throwing net      |       |       |       |       |     5 |       |       ||     5
 Invoke: Major Destruction |       |       |       |       |     2 |     2 |     2 ||     6
         Greater Servant o |       |       |       |       |       |     1 |     1 ||     2
  Evoke: Wand              |       |       |       |     1 |     7 |     8 |       ||    16
         Lightning rod     |       |       |       |       |       |     1 |       ||     1
    Use: Scroll            |     2 |     2 |     5 |     5 |    17 |    14 |     4 ||    49
         Potion            |       |       |     1 |     3 |     2 |     5 |     2 ||    13
   Stab: Held in net/web   |       |       |       |       |     1 |       |       ||     1
         Sleeping          |       |       |       |       |       |     2 |     2 ||     4
         Distracted        |       |       |       |       |       |     1 |     1 ||     2
 Armour: Leather armour    |     5 |       |       |       |       |       |       ||     5
         Ring mail         |    63 |    64 |   124 |       |       |       |       ||   251
         Skin              |     1 |       |       |       |       |       |       ||     1
         Swamp dragon scal |       |       |    63 |   415 |   810 |   922 |   585 ||  2795
  Dodge: Dodged            |    67 |    60 |   144 |   290 |   928 |  1388 |   733 ||  3610

Table legend: (Time is in decaauts)
 A = Elapsed time spent in this place.
 B = Non-inter-level travel time spent in this place.
 C = Inter-level travel time spent in this place.
 D = Time resting spent in this place.
 E = Time spent auto-exploring this place.
 F = Levels seen in this place.
 G = Mean time per level.
                   A        B        C        D        E       F      G
               +--------+--------+--------+--------+--------+-----+--------+
         Total |  35851 |  33375 |   2476 |   3970 |  20028 |  37 |  968.9 |
       Dungeon |  13868 |  12603 |   1265 |   1220 |   8709 |  15 |  924.5 |
        Temple |     12 |     12 |      0 |      0 |      0 |   1 |   12.0 |
          Lair |   6094 |   5499 |    595 |    556 |   3691 |   5 | 1218.8 |
        Shoals |   3496 |   3345 |    151 |    244 |   2061 |   4 |  874.0 |
     Snake Pit |   5207 |   5063 |    144 |    903 |   2581 |   4 | 1301.8 |
  Orcish Mines |   1274 |   1128 |    146 |     71 |    549 |   2 |  637.0 |
   Elven Halls |   3757 |   3605 |    152 |    789 |   1104 |   3 | 1252.3 |
        Vaults |   1627 |   1606 |     21 |     59 |   1213 |   2 |  813.5 |
       Ossuary |    510 |    510 |      0 |    128 |    119 |   1 |  510.0 |
               +--------+--------+--------+--------+--------+-----+--------+

Top non-repeatable levels by time:
 Snake:1: 1680 daAuts
   Elf:3: 1550 daAuts
  Lair:3: 1522 daAuts
 Snake:4: 1384 daAuts
 Snake:2: 1342 daAuts
   Elf:2: 1318 daAuts
  Lair:4: 1311 daAuts
Vaults:1: 1225 daAuts
  Lair:5: 1216 daAuts
    D:15: 1193 daAuts
Shoals:4: 1149 daAuts
  Lair:2: 1070 daAuts
     D:9: 1049 daAuts
     D:3: 1030 daAuts
     D:8: 1022 daAuts
